 Dungeon Crawl Stone Soup version 0.27.0-1-g7a089689b8 (webtiles) character file.

Game seed: 9577928853861912037

48 seveneves the Shield-Bearer (level 3, -3/33 HPs)
             Began as a Minotaur Fighter on Aug 4, 2021.
             Slain by a gnoll (9 damage)
             ... on level 2 of the Dungeon.
             The game lasted 00:02:53 (1001 turns).

seveneves the Shield-Bearer (Minotaur Fighter)      Turns: 1001, Time: 00:02:53

Health: -3/33      AC:  7    Str: 20 (21) XL:     3   Next: 50%
Magic:  2/2        EV:  7    Int:  4 (5)  God:
Gold:   40         SH:  9    Dex:  7 (9)  Spells: 2/2 levels left

rFire    . . .     SeeInvis .   a - +0 long sword
rCold    . . .     Faith    .   c - +0 kite shield
rNeg     . . .     Spirit   .   b - +0 scale mail
rPois    .         Reflect  .   (helmet restricted)
rElec    .         Harm     .   (no cloak)
rCorr    .         Rampage  .   (no gloves)
Will     .....                  (no boots)
Stlth    ..........             (no amulet)
HPRegen  0.11/turn              (no ring)
MPRegen  0.08/turn              (no ring)

@: mighty
A: horns 2, retaliatory headbutt
a: no special abilities


You were on level 2 of the Dungeon.
You visited 1 branch of the dungeon, and saw 2 of its levels.

You collected 40 gold pieces.

Inventory:

Hand Weapons
 a - a +0 long sword (weapon)
Armour
 b - a +0 scale mail (worn)
 c - a +0 kite shield (worn)
Jewellery
 f - a ring of willpower
Scrolls
 e - a scroll of brand weapon {unknown}
 g - a scroll of enchant armour {unknown}


   Skills:
 + Level 4.2 Fighting
 + Level 3.0 Long Blades
 + Level 4.1 Armour
 + Level 4.3 Shields


You had 2 spell levels left.
You didn't know any spells.
Your spell library was empty.

Dungeon Overview and Level Annotations

Branches:
Dungeon (2/15)

Altars:
Makhleb


Innate Abilities, Weirdness & Mutations

You have a pair of horns on your head.
You reflexively headbutt those who attack you in melee.


Message History

You miss the bat. Your headbutt misses the bat. The bat closely misses you.
The bat hits you.
A gnoll comes into view. It is wielding a +0 club.
The gnoll shouts!
You block the bat's attack. The gnoll hits you but does no damage.
You are too injured to fight recklessly!
You are too injured to fight recklessly!
You block the bat's attack. The bat hits you but does no damage.
You block the gnoll's attack.
A gnoll comes into view. It is wielding a +0 spear.
You barely miss the gnoll.
The gnoll shouts!
Your headbutt misses the gnoll. The bat hits you but does no damage.
The gnoll barely misses you. You block the bat's attack.
You block the bat's attack. You block the gnoll's attack.
You slash the gnoll! Your headbutt misses the gnoll.
The gnoll is severely wounded.
You block the bat's attack. The gnoll barely misses you. x2
You hit the gnoll but do no damage.
The gnoll is severely wounded.
You block the bat's attack. You block the gnoll's attack.
The gnoll hits you with a +0 club. You block the gnoll's attack.
The gnoll hits you with a +0 halberd.
You barely miss the gnoll.
The gnoll is severely wounded.
You block the bat's attack. x2; You block the gnoll's attack. x2
The gnoll barely misses you. The gnoll hits you with a +0 club.
* * * LOW HITPOINT WARNING * * *
You block the bat's attack.
You closely miss the gnoll. You headbutt the gnoll!
The gnoll is severely wounded.
The bat hits you.
* * * LOW HITPOINT WARNING * * *
The bat hits you but does no damage. The gnoll barely misses you.
You block the gnoll's attack. The gnoll barely misses you.
You block the gnoll's attack. The gnoll closely misses you.
You feel very mighty all of a sudden. The bat barely misses you.
You block the gnoll's attack. The gnoll barely misses you.
The gnoll hits you with a +0 halberd!
You die...

###############
#..............
#..............
#....b.........
#......@.g.....
#.....gg.......
#..............
#..............
##..............
+............###
##...........#
#.......###..#########
+.......'...........


You could see 3 gnolls and a bat.

Vanquished Creatures
  A dart slug (D:1)
  3 ball pythons
  3 endoplasms
  A giant cockroach (D:1)
  4 goblins (D:1)
  9 hobgoblins
  4 jackals (D:1)
  4 kobolds
  A quokka (D:2)
  5 bats (D:1)
  2 frilled lizards (D:1)
  A rat (D:1)
38 creatures vanquished.

Notes
Turn   | Place    | Note
-------+----------+-------------------------------------------
     0 | D:1      | seveneves the Minotaur Fighter began the quest for the Orb.
     0 | D:1      | Reached XP level 1. HP: 19/19 MP: 0/0
   122 | D:1      | Reached XP level 2. HP: 23/27 MP: 1/1
   494 | D:1      | Reached XP level 3. HP: 29/33 MP: 2/2
   823 | D:2      | Found a burning altar of Makhleb.
  1001 | D:2      | Slain by a gnoll

Illustrated notes

Levels and vault maps discovered:
D:1:      dpeg_arrival_morbid_curiosity, layout_basic, minivault_23
D:2:      layout_basic, basic_altar, grunt_ministairs_14

Skill      XL: |  1  2  3 |
---------------+----------+-----
Shields        | 4 |  4.3
Fighting       | 4 |  4.2
Armour         | 4 |  4.1
Long Blades    | 3 |  3.0

Action                   || total
-------------------------++-------
Melee: Long sword        ||    74
       Headbutt          ||    11
  Use: Potion            ||     2
Armor: Scale mail        ||    39
Dodge: Dodged            ||    37
Block: Kite shield       ||    56
       Rpst.: Long sword ||    11
